 Dungeon Crawl Stone Soup version 0.17-a0-2093-gc772f4b (webtiles) character file.

84 tp1 the Conjurer (level 4, -6/24 HPs)
             Began as a Deep Elf Conjurer on Oct 16, 2015.
             Killed by divine providence
             ... invoked by an orc priest
              (12 damage)
             ... on level 3 of the Dungeon.
             The game lasted 00:10:17 (2673 turns).

tp1 the Conjurer (Deep Elf Conjurer)                Turns: 2673, Time: 00:10:19

Health: -6/24      AC:  2    Str:  5    XL:     4   Next: 23%
Magic:  10/10      EV: 13    Int: 21    God:
Gold:   75         SH:  0    Dex: 15    Spells: 3 memorised, 3 levels left

rFire  . . .     SeeInvis .     k - +2 whip (vamp)
rCold  . . .     Clarity  .     a - +0 robe
rNeg   . . .     SustAt   .     (no shield)
rPois  .         Gourm    .     (no helmet)
rElec  .         Spirit   .     (no cloak)
rCorr  +         Warding  .     (no gloves)
rMut   .         Stasis   .     (no boots)
MR     .....                    d - amulet of resist corrosion
Stlth  ++........               (no ring)
                                (no ring)

@: not resistant to hostile enchantments, unstealthy
A: no striking features
a: no special abilities


You were on level 3 of the Dungeon.
You were very hungry.

You visited 1 branch of the dungeon, and saw 3 of its levels.

You collected 75 gold pieces.

Inventory:

Hand Weapons
 h - a +0 short sword
 k - a +2 vampiric whip (weapon)
 n - a +1 dagger of venom
Armour
 a - a +0 robe (worn)
Jewellery
 d - an amulet of resist corrosion (around neck)
Scrolls
 f - a scroll of teleportation {unknown}
 i - a scroll of immolation {unknown}
 j - 3 scrolls of enchant armour {unknown}
 o - a scroll of noise {unknown}
Potions
 e - a potion of curing
 g - a potion of magic {unknown}
Books
 b - a book of Conjurations

   Spells                             Type                      Level
   a - Magic Dart                     Conjuration                  1
   b - Searing Ray                    Conjuration                  2
   c - Dazzling Spray                 Conjuration/Hexes            3
   d - Fulminant Prism                Conjuration/Hexes            4
   e - Iskenderun's Mystic Blast      Conjuration                  4
   f - Iskenderun's Battlesphere      Conjuration/Charms           5
Comestibles
 c - 3 bread rations
 m - a slice of pizza


   Skills:
 - Level 3.0 Short Blades
 - Level 3.0 Dodging
 - Level 3.0 Stealth
 - Level 3.0 Spellcasting
 + Level 4.6 Conjurations


You had 3 spell levels left.
You knew the following spells:

 Your Spells              Type           Power        Failure   Level  Hunger
a - Magic Dart            Conj           ###.         1%          1    None
b - Searing Ray           Conj           ###...       3%          2    ##.....
c - Dazzling Spray        Conj/Hex       ##......     17%         3    ###....


Dungeon Overview and Level Annotations

Branches:
Dungeon (3/15)

Altars:
Qazlal
Trog
Zin


Message History

You hit the orc priest.
You feel better.
The orc priest is lightly wounded.
The orc shouts!
The orc priest hits you but does no damage.
You barely miss the orc priest.
The orc priest is lightly wounded.
The orc priest completely misses you. The orc hits you with a flail!
You closely miss the orc priest.
The orc priest is lightly wounded.
The orc priest barely misses you. The orc hits you with a flail!
* * * LOW HITPOINT WARNING * * *
The orc priest hits you.
* * * LOW HITPOINT WARNING * * *
You closely miss the orc priest.
The orc priest is lightly wounded.
The orc completely misses you.
The orc priest invokes the aid of Beogh against you.
Something smites you!
Ouch! That really hurt!
You die...

##. #.# ... #.#
#.. #.# #.. #.#
#..## #.# #...#
#(#
#.#.###.######
#..............
###@###.#......
#oo.$.#.....g
#..#..# ....$
#..#...<.....
#..#..###+###
#..#... #... ..
###.


You could see an orc priest and an orc.

Vanquished Creatures
  Natasha (D:2)
  2 adders (D:2)
  An ooze (D:2)
  2 giant geckos
  An orc (D:3)
  A giant cockroach (D:1)
  8 goblins
  4 hobgoblins (D:2)
  4 kobolds
  3 bats (D:1)
  4 giant newts
  6 rats
37 creatures vanquished.

Vanquished Creatures (others)
  A worker ant (D:1)
  An ooze (D:1)
  A giant cockroach (D:1)
  A quokka (D:1)
4 creatures vanquished.

Grand Total: 41 creatures vanquished

Notes
Turn   | Place    | Note
--------------------------------------------------------------
     0 | D:1      | tp1 the Deep Elf Conjurer began the quest for the Orb.
     0 | D:1      | Reached XP level 1. HP: 10/10 MP: 6/6
   296 | D:1      | Reached XP level 2. HP: 15/15 MP: 6/8
  1405 | D:2      | Reached skill level 1 in Short Blades
  1419 | D:2      | Reached XP level 3. HP: 19/19 MP: 0/9
  1423 | D:2      | Learned a level 2 spell: Searing Ray
  1427 | D:2      | Learned a level 3 spell: Dazzling Spray
  1432 | D:2      | Found a glowing silver altar of Zin.
  1435 | D:2      | Noticed Natasha
  1447 | D:2      | Killed Natasha
  1740 | D:2      | Found a bloodstained altar of Trog.
  1860 | D:2      | Found a stormy altar of Qazlal.
  1866 | D:2      | Reached XP level 4. HP: 24/24 MP: 8/10
  2216 | D:2      | Found a bloodstained altar of Trog.
  2264 | D:2      | Found a glowing silver altar of Zin.
  2673 | D:3      | Killed from afar by an orc priest

Vault maps used:
D:1:      scummos_arrival_star, minmay_misc_feat_room, lemuel_old_faithful
D:2:      zin_academy, grunt_qazlal_clouds, lemuel_doored_altar, first_bread,
          minmay_misc_feat_x, uniq_natasha
D:3:      nicolae_overflow_crystal_walls

Action                   |  1- 3 |  4- 6 || total
-------------------------+-------+-------++-------
Melee: Short sword       |     6 |       ||     6
       Whip              |       |    36 ||    36
 Cast: Magic Dart        |    48 |     9 ||    57
  Use: Potion            |     1 |       ||     1
 Stab: Sleeping          |       |     3 ||     3
  Eat: Chunk             |     3 |     1 ||     4
       Bread ration      |       |     1 ||     1
